[Event "Betsys MČR v online bleskovém šachu 2021"]
[Site "Chess.com"]
[Date "2021.04.17"]
[Round "5"]
[White "Rubinus"]
[Black "TheRigos"]
[Result "0-1"]
[WhiteElo "2165"]
[BlackElo "2552"]
[TimeControl "180+1"]
[EndTime "9:46:22 PDT"]
[Termination "Uživatel TheRigos zvítězil matem"]

1. e4 f5 2. e5 d6 3. d4 dxe5 4.
dxe5 Qxd1+ 5. Kxd1 Nc6 6. f4 Bd7 7. c3 O-O-O 8. Kc2 e6 9. Nf3 Nh6 10. h3 Nf7 11. Be3 Rg8 12. h4 Nh6 13. Nbd2 Ng4 14.
Bg1 Ne7 15. Bc4 a5 16. a4 h6 17. Nd4 Nd5 18. Bxd5 exd5 19. e6 Be8 20. Nxf5 Bg6 21.
Kb3 Bxf5 22. Nf3 Bxe6 23. Nd4 Bf7 24. Kc2 c5 25. Nf3 Bd6 26. g3 Rge8 27. Kd2 b6 28.
h5 Nf6 29. Re1 Bxh5 30. Ne5 Ne4+ 31. Kc1 Bxe5 32. Rxh5 Bf6 33. b4 Bxc3 34. Re3 axb4 35. Rd3 d4 36. a5 bxa5 37. Rf5 a4 38. Rf7 a3 39. Kb1 b3 40. Ra7 Nd2+ 41. Rxd2 Re1+ 42. Rd1 Rxd1# 0-1

[Event "Betsys MČR v online bleskovém šachu 2021"]
[Site "Chess.com"]
[Date "2021.04.17"]
[Round "5"]
[White "pudltomik"]
[Black "bumurubac"]
[Result "0-1"]
[WhiteElo "757"]
[BlackElo "1015"]
[TimeControl "180+1"]
[EndTime "9:46:25 PDT"]
[Termination "Uživatel bumurubac zvítězil na čas"]

1. e4 e5 2. Nf3 Nc6 3. Nc3 Bc5 4. Bc4 Nf6 5. O-O Ng4 6. g3 Nxf2 7. Qe1 Nh3+ 8. Kh1 Nf2+ 9. Kg1 Nd3+ 10. Kg2 Nxe1+ 11.
Rxe1 O-O 12. d3 d6 13. Ng5 Nd4 14. Bb3 Nxb3 15. axb3 Qxg5 16. Bxg5 f6 17. Bd2 g5 18.
Nb5 c6 19. Nc7 Rb8 20. b4 Bd4 21. c3 Bb6 22. c4 Bxc7 23. b5 cxb5 24. cxb5 Bb6 25.
Be3 Bxe3 26. Rxe3 Ra8 27. h3 a6 28. b6 a5 29. b3 Bd7 30. Rf3 Be6 31. Rb1 a4 32.
bxa4 Rxa4 33. Rf2 f5 34. g4 fxg4 35. hxg4 Bxg4 36. Rxf8+ Kxf8 37. Kg3 Be6 38. Rf1+ Bf7 39.
Rf6 Kg7 40. Rxd6 Ra3 41. Kf3 Bh5+ 42. Ke3 g4 43. Rd7+ Kg6 44. Rd8 g3 45. Rg8+ Kh6 46. Rxg3 Rb3 47. Rg8 Rxb6 48. Rd8 Rg6 0-1

[Event "Betsys MČR v online bleskovém šachu 2021"]
[Site "Chess.com"]
[Date "2021.04.17"]
[Round "5"]
[White "Naty139"]
[Black "8_olda_8"]
[Result "1-0"]
[WhiteElo "2237"]
[BlackElo "1795"]
[TimeControl "180+1"]
[EndTime "9:46:26 PDT"]
[Termination "Uživatel Naty139 zvítězil na čas"]

1. e4 e6 2. d4 c5 3. Nf3 cxd4 4.
Nxd4 a6 5. c4 Qc7 6. Be2 Nf6 7.
Qd3 Bc5 8. O-O d5 9. exd5 exd5 10. cxd5 Nxd5 11. Bf3 Ne7 12. Nb3 Bd6 13. g3 O-O 14.
Bg5 Nbc6 15. Bg2 Bf5 16. Qf3 Rab8 17. Nc3 h6 18. Bxe7 Nxe7 19. Rac1 Qd7 20. Rfd1 Rfd8 21. Nc5 Qc8 22. Nxb7 Rxb7 23. Qxb7 Qe6 24. Re1 Qg6 25. Qxa6 Bb8 26. Qxg6 Nxg6 27. Rcd1 Rc8 28. Bb7 1-0

[Event "Betsys MČR v online bleskovém šachu 2021"]
[Site "Chess.com"]
[Date "2021.04.17"]
[Round "5"]
[White "jsebesta"]
[Black "kaprasov"]
[Result "1-0"]
[WhiteElo "1663"]
[BlackElo "1874"]
[TimeControl "180+1"]
[EndTime "9:46:29 PDT"]
[Termination "Uživatel jsebesta zvítězil matem"]

1. e4 c5 2. c3 d6 3. d4 Nf6 4. Bd3 g6 5. Nf3 Bg7 6. O-O O-O 7. e5 dxe5 8. dxe5 Nd5 9. Bc4 e6 10. Bxd5 Qxd5 11. Be3 b6 12. Qxd5 exd5 13. Rd1 Bb7 14. Na3 Nd7 15. Bf4 Rfe8 16. Re1 Nf8 17. Nb5 Ne6 18.
Bg3 a6 19. Nd6 Re7 20. Bh4 Rd8 21. Bxe7 Rd7 22. Nxb7 Rxb7 23. Bf6 Bh6 24. h4 b5 25. Ng5 Nf4 26. e6 fxe6 27. Nxe6 Nd3 28. Re2 Rb6 29. Bg5 Bg7 30. Nxg7 Kxg7 31. Rd1 c4 32. Re7+ Kg8 33. Rd2 Nc5 34. Be3 Rc6 35. Bxc5 Rxc5 36. Rd7 a5 37. R2xd5 Rc6 38. Rxb5 a4 39. Rb8+ Rc8 40. Rxc8# 1-0

[Event "Betsys MČR v online bleskovém šachu 2021"]
[Site "Chess.com"]
[Date "2021.04.17"]
[Round "5"]
[White "RadosC"]
[Black "Jakuboss22005"]
[Result "1-0"]
[WhiteElo "2504"]
[BlackElo "2065"]
[TimeControl "180+1"]
[EndTime "9:46:30 PDT"]
[Termination "Uživatel RadosC zvítězil po vzdání soupeře"]

1. e4 c5 2. Nf3 e6 3. g3 Nc6 4. Bg2 g6 5. O-O Bg7 6. c3 Nge7 7.
d4 cxd4 8. cxd4 d5 9. e5 O-O 10.
Nc3 a6 11. Bg5 h6 12. Bf4 Nf5 13. Qd2 Kh7 14. h4 Bd7 15. Rad1 Rc8 16. h5 Na5 17. b3 Nc6 18. hxg6+ fxg6 19. Na4 Nb8 20. Nc5 b6 21. Nxd7 Qxd7 22. Bh3 Nc6 23. Kg2 Qf7 24. Rh1 Nfe7 25.
Bg4 Kg8 26. Bxh6 Nf5 27. Bxg7 Qxg7 28. Bxf5 Rxf5 29. Ng5 Rcf8 30. f4 Rxg5 31. fxg5 Ne7 32. g4 Rc8 33. Rc1 Qf8 34. Rxc8 Qxc8 35. Rc1 Qf8 36.
Rf1 Qc8 37. Qf2 Qe8 38. Qf6 Nc6 39. Rh1 1-0

[Event "Betsys MČR v online bleskovém šachu 2021"]
[Site "Chess.com"]
[Date "2021.04.17"]
[Round "5"]
[White "misa2009"]
[Black "Berzeger"]
[Result "1-0"]
[WhiteElo "1504"]
[BlackElo "1034"]
[TimeControl "180+1"]
[EndTime "9:46:30 PDT"]
[Termination "Uživatel misa2009 zvítězil po vzdání soupeře"]

1. e4 e5 2. d4 exd4 3. Bc4 Nc6 4. c3 Bc5 5. Bxf7+ Kxf7 6. Qh5+ g6 7. Qd5+ Ke8 8. Qxc5 d6 9. Qg5 Qxg5 10. Bxg5 Nge7 11.
Bxe7 Kxe7 12. Nf3 Re8 13. cxd4 Kf8 14. Nc3 Bg4 15. O-O Bxf3 16. gxf3 Nxd4 17. Kg2 Re5 18. f4 Rh5 19. Nd5 c6 20. Nf6 Rh4 21. Kg3 Rh6 22. h4 Kg7 23. Ng4 Rh5 24. Rad1 Ne2+ 25. Kf3 Rxh4 26.
Kxe2 Rxg4 27. Kf3 Rh4 28. Kg3 Rh5 29. Rxd6 Re8 30. e5 Re7 31. Rfd1 g5 32. Rd7 Rxd7 33. Rxd7+ Kh6 34. Rxb7 gxf4+ 35. Kxf4 Rh4+ 36. Kg3 Kg5 37. Rg7+ Kh5 38. Rxh7+ Kg5 39. Rxh4 1-0

[Event "Betsys MČR v online bleskovém šachu 2021"]
[Site "Chess.com"]
[Date "2021.04.17"]
[Round "5"]
[White "hoacin"]
[Black "kecalk"]
[Result "1-0"]
[WhiteElo "2510"]
[BlackElo "2139"]
[TimeControl "180+1"]
[EndTime "9:46:36 PDT"]
[Termination "Uživatel hoacin zvítězil po vzdání soupeře"]

1. d4 d5 2. c4 e6 3. Nf3 Nf6 4. Nc3 Be7 5. Bg5 Nbd7 6. e3 h6 7. Bh4 O-O 8. Rc1 c5 9. cxd5 Nxd5 10. Nxd5 Bxh4 11. Nxh4 exd5 12. Nf3 c4 13. Be2 b5 14.
O-O Bb7 15. b4 a5 16. Qd2 Nf6 17. a3 Ne4 18. Qb2 Qd6 19. Rb1 axb4 20. axb4 Ra4 21. Nd2 Nxd2 22. Qxd2 Rfa8 23. Bd1 Ra2 24. Rb2 Ra1 25.
g3 R8a3 26. Rc2 Bc8 27. Bf3 Bf5 28. Rxa1 Rxa1+ 29. Rc1 Rxc1+ 30. Qxc1 Qxb4 31. Bxd5 c3 32. e4 Qb2 33. Qf4 c2 34. Bxf7+ Kh8 35. Qb8+ 1-0

[Event "Betsys MČR v online bleskovém šachu 2021"]
[Site "Chess.com"]
[Date "2021.04.17"]
[Round "5"]
[White "krystofkrizek1"]
[Black "Ladislav1969"]
[Result "1-0"]
[WhiteElo "2123"]
[BlackElo "2311"]
[TimeControl "180+1"]
[EndTime "9:46:36 PDT"]
[Termination "Uživatel krystofkrizek1 zvítězil po vzdání soupeře"]

1. d4 Nf6 2. Nf3 g6 3. e3 Bg7 4. Bd3 d5 5. b3 c5 6. Bb2 b6 7. Ne5 O-O 8. h4 Bg4 9. Nxg4 Nxg4 10. Qxg4 Nc6 11. Nd2 e5 12. h5 cxd4 13. exd4 e4 14. Be2 Nxd4 15. Bxd4 Bxd4 16. Rd1 f5 17. Qh3 g5 18.
O-O Rc8 19. c4 Be5 20. Nxe4 g4 21. Bxg4 fxg4 22. Qxg4+ Kh8 23. Rxd5 Qe7 24. Ng5 Rg8 25. Rxe5 Qf6 26. Rf5 Qe7 27. Qd4+ Rg7 28. h6 1-0

[Event "Betsys MČR v online bleskovém šachu 2021"]
[Site "Chess.com"]
[Date "2021.04.17"]
[Round "5"]
[White "JindrichT_CZE"]
[Black "tkokosek007"]
[Result "1-0"]
[WhiteElo "2068"]
[BlackElo "1398"]
[TimeControl "180+1"]
[EndTime "9:46:37 PDT"]
[Termination "Uživatel JindrichT_CZE zvítězil matem"]

1. e4 Nf6 2. e5 Nd5 3. c4 Nb6 4. d4 d6 5. f4 Bf5 6. Nc3 Nc6 7. Be3 Nb4 8. Rc1 dxe5 9. fxe5 e6 10. Nf3 Be7 11.
Be2 Bh4+ 12. g3 Be7 13. O-O O-O 14. a3 Nc6 15. b4 a6 16. d5 exd5 17. cxd5 Na7 18.
Nd4 Bh3 19. Nf5 Bxf5 20. Rxf5 Nb5 21. Nxb5 axb5 22. Bxb6 cxb6 23. Rc3 Rc8 24. Qc2 Rxc3 25. Qxc3 Qxd5 26. Bf3 Qe6 27. Rf4 Bg5 28. Rg4 Rc8 29. Qd3 Rc1+ 30. Kg2 Qa2+ 31. Kh3 Bh6 32. Qd8# 1-0

[Event "Betsys MČR v online bleskovém šachu 2021"]
[Site "Chess.com"]
[Date "2021.04.17"]
[Round "5"]
[White "vaclavbelaska"]
[Black "JonasFadrny"]
[Result "1-0"]
[WhiteElo "1403"]
[BlackElo "758"]
[TimeControl "180+1"]
[EndTime "9:46:37 PDT"]
[Termination "Uživatel vaclavbelaska zvítězil matem"]

1. e4 e5 2. Nf3 Nc6 3. d4 Nf6 4. Nc3 exd4 5. Nxd4 Nxd4 6. Qxd4 d6 7. Bg5 Be7 8. Bd3 O-O 9. O-O-O h6 10. Bf4 c5 11. Qe3 Be6 12. f3 Qa5 13. a3 c4 14.
Be2 Qb6 15. g4 Qxe3+ 16. Bxe3 Rfc8 17. h4 Nd7 18. g5 h5 19. f4 Nb6 20. f5 Bd7 21. Bxh5 Na4 22. Nxa4 Bxa4 23. g6 f6 24. Bf3 c3 25. b3 Bb5 26. h5 d5 27. exd5 Bxa3+ 28. Kb1 Bd7 29. Be4 Bb2 30. h6 gxh6 31. Bxh6 Rc5 32.
d6 Ra5 33. Bd5+ Kh8 34. Bg5+ Kg7 35. Rh7+ Kf8 36. Bh6+ Ke8 37. Rh8# 1-0

[Event "Betsys MČR v online bleskovém šachu 2021"]
[Site "Chess.com"]
[Date "2021.04.17"]
[Round "5"]
[White "fera_v"]
[Black "Mitram64"]
[Result "0-1"]
[WhiteElo "2235"]
[BlackElo "2043"]
[TimeControl "180+1"]
[EndTime "9:46:38 PDT"]
[Termination "Uživatel Mitram64 zvítězil po vzdání soupeře"]

1. e4 c6 2. d4 d5 3. Nc3 dxe4 4.
Nxe4 Bf5 5. Ng3 Bg6 6. Nh3 Nf6 7.
Nf4 e5 8. Nxg6 hxg6 9. dxe5 Qa5+ 10.
c3 Qxe5+ 11. Be2 Bc5 12. O-O Nbd7 13. Bf3 O-O-O 14. Re1 Qc7 15. Qa4 Rxh2 16. Kxh2 Rh8+ 17. Kg1 Qxg3 18. Be3 Qh2+ 19. Kf1 Nd5 20. Bxd5 cxd5 21. Bxc5 Nxc5 22. Qg4+ Kb8 23. Qg3+ Qxg3 24. fxg3 Nd3 25. Red1 Nxb2 26. Rdb1 Nc4 27. Kf2 Nd2 28. Rc1 Ne4+ 29.
Kf3 Rc8 30. Rab1 Nd2+ 31. Kf4 Nxb1 32. Rxb1 Rxc3 33. Rb2 Kc7 34. Ke5 Rxg3 35. Kxd5 Rg5+ 36. Kd4 f6 37. Ke4 Re5+ 38. Kd4 g5 39. g3 Ra5 40.
Rc2+ Kd6 41. Rd2 Rd5+ 0-1

[Event "Betsys MČR v online bleskovém šachu 2021"]
[Site "Chess.com"]
[Date "2021.04.17"]
[Round "5"]
[White "petrgnojek"]
[Black "g4g5g4g5"]
[Result "1-0"]
[WhiteElo "2257"]
[BlackElo "2001"]
[TimeControl "180+1"]
[EndTime "9:46:38 PDT"]
[Termination "Uživatel petrgnojek zvítězil matem"]

1. d4 Nf6 2. c4 e6 3. Nc3 d5 4. cxd5 exd5 5. Bg5 c6 6. e3 Be7 7. Bd3 O-O 8. Nf3 Nbd7 9. O-O Re8 10.
h3 Nf8 11. Ne5 N6d7 12. Bxe7 Qxe7 13. Nf3 g6 14. Qc2 f5 15. Rfe1 Nf6 16. Ne5 N8d7 17. f4 Ne4 18. Rab1 Nd6 19. b4 a6 20. a4 Nxe5 21.
fxe5 Ne4 22. Bxe4 dxe4 23. b5 axb5 24. axb5 Be6 25. bxc6 bxc6 26. Na4 Bd5 27. Nc5 Reb8 28. Rxb8+ Rxb8 29. Rb1 Rxb1+ 30. Qxb1 Qg5 31. Qe1 Kg7 32.
Qf2 Qe7 33. Qd2 Qa7 34. Qb4 Qa1+ 35. Kh2 Qf1 36. Nd7 Kh6 37. Qf8+ Kg5 38. h4+ Kxh4 39. Qh6+ Kg4 40. Nf6# 1-0

[Event "Betsys MČR v online bleskovém šachu 2021"]
[Site "Chess.com"]
[Date "2021.04.17"]
[Round "5"]
[White "koky_3"]
[Black "masodj"]
[Result "1-0"]
[WhiteElo "2054"]
[BlackElo "1730"]
[TimeControl "180+1"]
[EndTime "9:46:38 PDT"]
[Termination "Uživatel koky_3 zvítězil po vzdání soupeře"]

1. e4 c5 2. Nf3 Nc6 3. d4 cxd4 4. Nxd4 Nf6 5. Nc3 g6 6. Be3 Bg7 7. Bc4 O-O 8. Bb3 d6 9. f3 Bd7 10. Qd2 Rc8 11. O-O-O Ne5 12. Bh6 Nc4 13. Bxc4 Rxc4 14. Nde2 Be6 15. Bxg7 Kxg7 16. e5 Nd7 17. exd6 exd6 18.
Qxd6 Rc6 19. Qd4+ Qf6 20. Kb1 Rfc8 21. Qxf6+ Nxf6 22. Nd4 Rb6 23. Nxe6+ fxe6 24. Kc1 Kf7 25. Rhe1 a6 26. Ne4 Rbc6 27. Nd6+ Ke7 28. Nxc8+ Rxc8 29. Re5 Kf7 30. Rd6 Re8 31. c4 Re7 32. Kc2 Nd7 33.
Re3 Nb8 34. b4 Nc6 35. Kc3 Kf6 36. a4 Ne5 37. c5 Nf7 38. Rb6 h5 39. b5 axb5 40.
axb5 Rc7 41. Kb4 Re7 42. c6 bxc6 43. bxc6 Kf5 44. Rb7 Re8 45. Rxf7+ 1-0

[Event "Betsys MČR v online bleskovém šachu 2021"]
[Site "Chess.com"]
[Date "2021.04.17"]
[Round "5"]
[White "NikolaKusova"]
[Black "sachistamartin"]
[Result "1-0"]
[WhiteElo "1015"]
[BlackElo "1429"]
[TimeControl "180+1"]
[EndTime "9:46:38 PDT"]
[Termination "Uživatel NikolaKusova zvítězil matem"]

1. e4 e5 2. Nf3 Nc6 3. d4 exd4 4. Bc4 d6 5. O-O h6 6. Bf4 g5 7. Bg3 Bg4 8. Qd3 Bg7 9. h3 Bxf3 10. Qxf3 Ne5 11.
Bxe5 f6 12. Bg3 Ne7 13. Nd2 a6 14. Be6 Ng6 15. Qh5 Ke7 16. Qxg6 Kxe6 17. Qxg7 Rg8 18. Qxh6 Qe7 19. Rfe1 Rh8 20. Qg6 Rag8 21. Qf5+ Kf7 22.
Qd5+ Ke8 23. Rad1 c6 24. Qb3 g4 25. hxg4 Rxg4 26. Qf3 Qh7 27. Kf1 Rhg8 28. Qxf6 d3 29. Qe6+ Kd8 30. Qxd6+ Kc8 31. Qxd3 Qh1+ 32. Ke2 Qxg2 33.
Qd6 Re8 34. Qc7# 1-0

[Event "Betsys MČR v online bleskovém šachu 2021"]
[Site "Chess.com"]
[Date "2021.04.17"]
[Round "5"]
[White "adambelaska"]
[Black "vikysachy"]
[Result "1-0"]
[WhiteElo "1437"]
[BlackElo "863"]
[TimeControl "180+1"]
[EndTime "9:46:39 PDT"]
[Termination "Uživatel adambelaska zvítězil matem"]

1. d4 d5 2. c4 Nf6 3. Nc3 Nc6 4. Nf3 e5 5. dxe5 Ne4 6. Nxe4 dxe4 7. Qxd8+ Nxd8 8.
Nd2 e3 9. fxe3 Nc6 10. Nf3 Bf5 11. Nd4 Nxd4 12. exd4 O-O-O 13. e3 Bb4+ 14. Bd2 Bxd2+ 15. Kxd2 Rhe8 16. Bd3 Bxd3 17. Kxd3 Re6 18. Kc3 Rg6 19. g3 Rg4 20. Rhf1 Re4 21. Kd3 f5 22. Rxf5 Rg4 23. Rh5 h6 24. Rf5 g6 25. Rf6 Re8 26. e4 Rg5 27.
Ke3 Rg8 28. Kf4 Rh5 29. h4 g5+ 30. hxg5 hxg5+ 31. Kg4 Rh2 32. e6 Rxb2 33. Rh1 Re8 34. Rh7 b6 35. e7 Rc2 36. Rf8 Rxf8 37. exf8=Q+ Kb7 38. c5 bxc5 39. dxc5 Rxa2 40. Rxc7+ Ka6 41. Qc8+ Kb5 42. Rb7+ Kc4 43. Qe6+ Kxc5 44. Qd5# 1-0

[Event "Betsys MČR v online bleskovém šachu 2021"]
[Site "Chess.com"]
[Date "2021.04.17"]
[Round "5"]
[White "dzerenyss"]
[Black "Z_u_z_i"]
[Result "0-1"]
[WhiteElo "1123"]
[BlackElo "1543"]
[TimeControl "180+1"]
[EndTime "9:46:41 PDT"]
[Termination "Uživatel Z_u_z_i zvítězil matem"]

1. e4 c5 2. c3 e6 3. d4 cxd4 4. cxd4 d5 5. exd5 Qxd5 6. Nc3 Qd8 7. Nf3 Nf6 8. Bb5+ Bd7 9. Bxd7+ Nbxd7 10. Bg5 Be7 11. O-O O-O 12. Qd3 h6 13. Bh4 Rc8 14. Rac1 Nb6 15. Rfe1 Nbd5 16. Nxd5 Nxd5 17. Bxe7 Qxe7 18.
Ne5 f6 19. Ng6 Qd6 20. Nxf8 Rxf8 21. Qe4 Re8 22. Rc5 Nb4 23. a3 Nc6 24. Rc4 Qd7 25. b4 a6 26. a4 e5 27. dxe5 Nxe5 28.
Rd4 Qxa4 29. Qxb7 Nf3+ 30. Kf1 Rxe1# 0-1

[Event "Betsys MČR v online bleskovém šachu 2021"]
[Site "Chess.com"]
[Date "2021.04.17"]
[Round "5"]
[White "florenc1330"]
[Black "MBorkovec"]
[Result "1-0"]
[WhiteElo "2101"]
[BlackElo "2263"]
[TimeControl "180+1"]
[EndTime "9:46:44 PDT"]
[Termination "Uživatel florenc1330 zvítězil po vzdání soupeře"]

1. c4 Nf6 2. g3 g6 3. Bg2 Bg7 4. Nc3 O-O 5. Nf3 d6 6. O-O Nc6 7. d3 e5 8. Rb1 Bf5 9. b4 Qd7 10. b5 Nd8 11. Nd5 c6 12. bxc6 bxc6 13. Nxf6+ Bxf6 14. Ba3 Be7 15. Qa4 Bh3 16. Nd2 Bxg2 17. Kxg2 f5 18. Rfc1 f4 19. Ne4 Ne6 20. Qa6 d5 21. Rb7 Qxb7 22. Qxb7 Bxa3 23. cxd5 Bxc1 24. dxe6 fxg3 25.
hxg3 Rae8 26. e7 Rf7 27. Qxc6 Rexe7 28. Qxc1 Rc7 29. Qg5 Rce7 30. Nf6+ Kg7 31. Nd5 Re6 32. Nc3 Rc7 33. Ne4 Rc2 34. Qd8 Rb6 35. Qe7+ Kh6 36.
Qxe5 Rxe2 37. Qg5+ Kg7 38. Qe7+ Kh6 39. Qf8+ Kh5 40. Qf3+ 1-0

[Event "Betsys MČR v online bleskovém šachu 2021"]
[Site "Chess.com"]
[Date "2021.04.17"]
[Round "5"]
[White "Qb1xh8"]
[Black "NeumanPetr"]
[Result "0-1"]
[WhiteElo "2134"]
[BlackElo "2494"]
[TimeControl "180+1"]
[EndTime "9:46:46 PDT"]
[Termination "Uživatel NeumanPetr zvítězil po vzdání soupeře"]

1. c4 d6 2. Nf3 Nf6 3. b3 g6 4. Bb2 Bg7 5. e3 O-O 6. Be2 e5 7. d4 e4 8. Nfd2 Re8 9. Nc3 c6 10. h3 d5 11. b4 a6 12. a4 Nbd7 13. Qb3 Nf8 14. b5 axb5 15. axb5 Rxa1+ 16. Bxa1 h5 17. bxc6 bxc6 18. cxd5 cxd5 19. Bb2 N8h7 20. Ba3 h4 21.
O-O g5 22. Bb5 Re6 23. Be2 Ba6 24. Rb1 Bf8 25. Qb8 Qxb8 26. Rxb8 Bxe2 27. Nxe2 Kg7 28.
Bxf8+ Nxf8 29. Nb3 N8d7 30. Rd8 Rc6 31. Na5 Rc2 32. Kf1 Ra2 33. Nb3 Rb2 34. Nec1 Nb6 35. g3 hxg3 36. fxg3 Nc4 0-1

[Event "Betsys MČR v online bleskovém šachu 2021"]
[Site "Chess.com"]
[Date "2021.04.17"]
[Round "5"]
[White "jachymcarostrelec4"]
[Black "TrickyPeat"]
[Result "1-0"]
[WhiteElo "1987"]
[BlackElo "2202"]
[TimeControl "180+1"]
[EndTime "9:46:48 PDT"]
[Termination "Uživatel jachymcarostrelec4 zvítězil na čas"]

1. d4 Nf6 2. Nf3 g6 3. c4 Bg7 4.
Nc3 O-O 5. e4 d6 6. Be2 Nbd7 7.
O-O e5 8. d5 a5 9. Bg5 h6 10.
Bh4 Nc5 11. Nd2 a4 12. b4 axb3 13. axb3 Rxa1 14. Qxa1 g5 15. Bg3 Bd7 16. b4 Na6 17. Qb2 h5 18. h4 g4 19. c5 Re8 20. c6 bxc6 21. Bxa6 cxd5 22. Nxd5 Nxd5 23. exd5 f5 24. Qc2 f4 25. Bh2 Qxh4 26. Qxc7 g3 27. fxg3 fxg3 28.
Bxg3 Qxg3 29. Qxd7 Rf8 30. Rxf8+ Bxf8 31. Qe6+ Kh8 32.
Qf6+ Bg7 33. Qf5 1-0

[Event "Betsys MČR v online bleskovém šachu 2021"]
[Site "Chess.com"]
[Date "2021.04.17"]
[Round "5"]
[White "Soural_J"]
[Black "HonzaRubes95"]
[Result "1-0"]
[WhiteElo "2196"]
[BlackElo "2489"]
[TimeControl "180+1"]
[EndTime "9:46:50 PDT"]
[Termination "Uživatel Soural_J zvítězil po vzdání soupeře"]

1. Nf3 Nf6 2. c4 c5 3. Nc3 Nc6 4. g3 g6 5. Bg2 Bg7 6. d4 cxd4 7. Nxd4 O-O 8. O-O Qa5 9. h3 Qc5 10. Be3 Qxc4 11. Rc1 Qa6 12. Bg5 Nxd4 13. Qxd4 d6 14. Qe3 Be6 15. a3 Rfc8 16. Bxf6 Bxf6 17. Nd5 Bxd5 18. Bxd5 Qb5 19. Qf3 Rxc1 20. Rxc1 Qxb2 21. Rc7 Qd4 22. Rxb7 Rc8 23. Kg2 Rc3 24. e3 Qc5 25. Rxe7 Qxd5 26. Re8+ Kg7 27. Qxd5 Rxa3 28. Qxd6 1-0

[Event "Betsys MČR v online bleskovém šachu 2021"]
[Site "Chess.com"]
[Date "2021.04.17"]
[Round "5"]
[White "lockerbieQ"]
[Black "LiborRojar"]
[Result "0-1"]
[WhiteElo "1736"]
[BlackElo "2065"]
[TimeControl "180+1"]
[EndTime "9:46:50 PDT"]
[Termination "Uživatel LiborRojar zvítězil na čas"]

1. e4 c6 2. d4 d5 3. Nd2 dxe4 4. Nxe4 Bf5 5. Ng3 Bg6 6. h4 h6 7. h5 Bh7 8. Nf3 Nd7 9. Bd3 Bxd3 10. Qxd3 Qc7 11. Bd2 e6 12. O-O-O O-O-O 13. Ne4 Ngf6 14. Kb1 Nxe4 15. Qxe4 Nf6 16. Qe2 c5 17. dxc5 Bxc5 18. Bc3 Rxd1+ 19. Rxd1 Rd8 20. Be5 Qb6 21. Rxd8+ Qxd8 22. b3 Qd5 23. Bb2 a6 24. Ne5 Ne4 25. f3 Ng3 26. Qe1 Nxh5 27. Nxf7 Nf4 28. Bxg7 h5 29. Qc3 Ne2 30. Qe5 Qd1+ 31. Kb2 Bd4+ 32. Qxd4 Nxd4 0-1

[Event "Betsys MČR v online bleskovém šachu 2021"]
[Site "Chess.com"]
[Date "2021.04.17"]
[Round "5"]
[White "Tomasbezdek07"]
[Black "sachovybukowski"]
[Result "1-0"]
[WhiteElo "1707"]
[BlackElo "1981"]
[TimeControl "180+1"]
[EndTime "9:46:50 PDT"]
[Termination "Uživatel Tomasbezdek07 zvítězil na čas"]

1. e4 c5 2. c3 Nf6 3. e5 Nd5 4. d4 d6 5. Nf3 Nc6 6. Bb5 cxd4 7. cxd4 Qa5+ 8. Nc3 Nxc3 9. Bxc6+ bxc6 10. bxc3 Qxc3+ 11. Bd2 Qd3 12. Qb3 Qxb3 13. axb3 Bg4 14.
O-O Bxf3 15. gxf3 e6 16. f4 d5 17. Ra6 c5 18. Rfa1 cxd4 19. Rxa7 Rxa7 20. Rxa7 f6 21. b4 fxe5 22. fxe5 Be7 23. b5 Kf7 24. Bb4 Re8 25. b6 Kf8 26. Bxe7+ Rxe7 27. Rxe7 Kxe7 28. b7 d3 29.
b8=Q d2 30. Qb3 d4 31. Qd1 1-0

[Event "Betsys MČR v online bleskovém šachu 2021"]
[Site "Chess.com"]
[Date "2021.04.17"]
[Round "5"]
[White "LightningAttack_2000"]
[Black "MiroslavBucek"]
[Result "1-0"]
[WhiteElo "1903"]
[BlackElo "1619"]
[TimeControl "180+1"]
[EndTime "9:46:51 PDT"]
[Termination "Uživatel LightningAttack_2000 zvítězil na čas"]

1. e4 e5 2. Nf3 Nc6 3. Bb5 a6 4. Ba4 Nf6 5. O-O Nxe4 6. Re1 Nc5 7. Bxc6 dxc6 8. Nxe5 Ne6 9. d4 Bd6 10. Nf3 O-O 11. c4 b6 12. Nc3 Re8 13. Be3 c5 14. d5 Nf4 15. Qd2 Ng6 16. Bg5 f6 17. Be3 Bg4 18.
Qd1 Qd7 19. h3 Bxf3 20. Qxf3 Ne5 21. Qe2 Qf5 22. b3 a5 23. Qd2 Rad8 24. Nb5 Nd3 25. Red1 Nb4 26. Rac1 Re7 27. a3 Na6 28. Nxd6 cxd6 29.
Bf4 Nb8 30. Re1 Red7 31. Re6 Nc6 32. Rce1 Nd4 33. R6e3 Qc2 34. Re8+ Rxe8 35. Rxe8+ Kf7 36. Qe3 Qxb3 37. Qe4 Qd1+ 38. Kh2 Qb3 39. Bxd6 1-0

[Event "Betsys MČR v online bleskovém šachu 2021"]
[Site "Chess.com"]
[Date "2021.04.17"]
[Round "5"]
[White "FBingoPlayer"]
[Black "jarosymon"]
[Result "1-0"]
[WhiteElo "2191"]
[BlackElo "1781"]
[TimeControl "180+1"]
[EndTime "9:46:54 PDT"]
[Termination "Uživatel FBingoPlayer zvítězil na čas"]

1. Nc3 d6 2. e4 Nd7 3. d4 c6 4. f4 e5 5. Nf3 Ngf6 6. Be3 exf4 7.
Bxf4 Be7 8. Qd2 O-O 9. O-O-O b5 10. Bd3 a5 11. e5 dxe5 12. dxe5 Nd5 13. Nxd5 cxd5 14. h4 f5 15. Bxb5 Nc5 16. Qxd5+ Qxd5 17. Rxd5 Bb7 18. Bc4 Kh8 19. Rd2 Ne4 20. Rd7 Ba6 21. Bxa6 Rxa6 22. Rxe7 a4 23. Rd1 a3 24. Rdd7 axb2+ 25. Kxb2 Rb6+ 26. Kc1 Rg6 27. Ng5 Nc3 28. Kd2 Ne4+ 29.
Ke3 Nc5 30. Rc7 Na6 31. Rcd7 Nc5 32. Rd5 Na4 33. h5 Rc6 34. Rd8 1-0

[Event "Betsys MČR v online bleskovém šachu 2021"]
[Site "Chess.com"]
[Date "2021.04.17"]
[Round "5"]
[White "TomSedmihradsky"]
[Black "Jeff_CZE"]
[Result "0-1"]
[WhiteElo "1472"]
[BlackElo "1854"]
[TimeControl "180+1"]
[EndTime "9:46:55 PDT"]
[Termination "Uživatel Jeff_CZE zvítězil na čas"]

1. d4 e6 2. c4 d5 3. Nc3 Nf6 4. Nf3 Be7 5. Bf4 O-O 6. e3 b6 7.
cxd5 Nxd5 8. Nxd5 Qxd5 9. Bd3 Bb4+ 10. Kf1 c5 11. Bxb8 Rxb8 12. e4 Qc6 13. Ne5 Qc7 14.
f4 cxd4 15. g3 Bb7 16. Rc1 Qe7 17. Nc4 f5 18. exf5 Bxh1 19. fxe6 Qb7 20. Rc2 Bf3 21. Qc1 g5 22. f5 h6 23. h4 Be4 24. Bxe4 Qxe4 25.
Re2 Rxf5+ 0-1

[Event "Betsys MČR v online bleskovém šachu 2021"]
[Site "Chess.com"]
[Date "2021.04.17"]
[Round "5"]
[White "CrisBenton4"]
[Black "Hapinka"]
[Result "1-0"]
[WhiteElo "1454"]
[BlackElo "1836"]
[TimeControl "180+1"]
[EndTime "9:46:55 PDT"]
[Termination "Uživatel CrisBenton4 zvítězil po vzdání soupeře"]

1. Nf3 Nf6 2. g3 g6 3. Bg2 Bg7 4. O-O d6 5. d4 O-O 6. c4 c6 7. Nc3 Qa5 8. a3 Qh5 9. e4 Bg4 10. Qd3 Nbd7 11. Bg5 h6 12. Bxf6 Nxf6 13. e5 dxe5 14.
Nxe5 Bh3 15. Bf3 Bxf1 16. Rxf1 Qh3 17. Bg2 Qe6 18. f4 Rfd8 19. Re1 Nd7 20. Qe2 Nxe5 21. dxe5 Qf5 22. Be4 Qe6 23. Bg2 Rd4 24. b3 Rad8 25.
Bf1 Rd2 26. Qe3 b5 27. cxb5 Qxb3 28. bxc6 Rc2 29. Rc1 Rxc1 30. Qxc1 Rd1 31. Nxd1 1-0

[Event "Betsys MČR v online bleskovém šachu 2021"]
[Site "Chess.com"]
[Date "2021.04.17"]
[Round "5"]
[White "JakubPulpan"]
[Black "Maldaj"]
[Result "1-0"]
[WhiteElo "2721"]
[BlackElo "2408"]
[TimeControl "180+1"]
[EndTime "9:46:56 PDT"]
[Termination "Uživatel JakubPulpan zvítězil matem"]

1. Nf3 d5 2. b3 Nf6 3. Bb2 e6 4. e3 c6 5. c4 Nbd7 6. Nc3 Bd6 7. d4 Qe7 8. Be2 O-O 9. O-O dxc4 10. bxc4 e5 11.
c5 Bc7 12. a4 Re8 13. a5 a6 14.
Nd2 Nf8 15. Nc4 e4 16. Ba3 Ng6 17. Nd6 Nh4 18. g3 Nf5 19. Nxe8 Qxe8 20. d5 Be5 21. Bb4 Bxc3 22. Bxc3 Nxd5 23. Qc2 Qe7 24. Bb2 Be6 25. Qxe4 Qxc5 26. Rfc1 Qe7 27. Bg4 Nf6 28. Qa4 Nxe3 29. Bxe6 Qxe6 30. Bxf6 Qxf6 31. fxe3 Qf3 32. Qf4 Qe2 33. Rf1 Rf8 34. Rad1 Qb5 35. Qxf7+ Rxf7 36. Rd8+ Rf8 37. Rdxf8# 1-0